 Dungeon Crawl Stone Soup version 0.24.0-41-g2ae2f7f1be (webtiles) character file.

Game seed: 12431071932555182606, levelgen mode: deterministic

76 Delamore the Chopper (level 4, -4/39 HPs)
             Began as a Hill Orc Fighter on Dec 10, 2019.
             Slain by an orc priest
             ... wielding a +0 falchion of electrocution
              (17 damage)
             ... on level 3 of the Dungeon.
             The game lasted 00:02:17 (1756 turns).

Delamore the Chopper (Hill Orc Fighter)             Turns: 1756, Time: 00:02:18

Health: -4/39      AC:  9    Str: 19    XL:     4   Next: 32%
Magic:  4/4        EV: 12    Int:  8    God:
Gold:   99         SH:  9    Dex: 10    Spells: 3/3 levels left

rFire    . . .     SeeInvis .   a - +0 war axe
rCold    + . .     Gourm    .   c - +0 shield
rNeg     . . .     Faith    .   w - +1 scale mail {rC+}
rPois    .         Spirit   .   (no helmet)
rElec    .         Reflect  .   (no cloak)
rCorr    .         Harm     .   (no gloves)
MR       .....                  s - +0 pair of boots
Stlth    ..........             (no amulet)
HPRegen  0.13/turn              n - +5 ring of evasion
MPRegen  0.09/turn              (no ring)

@: slowed, very slow
A: no striking features
a: Convert to Beogh


You were on level 3 of the Dungeon.
You were near starving.

You visited 1 branch of the dungeon, and saw 3 of its levels.

You collected 99 gold pieces.

Inventory:

Hand Weapons
 a - a +0 war axe (weapon)
Missiles
 y - a throwing net (quivered)
Armour
 c - a +0 shield (worn)
 s - a +0 pair of boots (worn)
 w - a +1 scale mail of cold resistance (worn)
Jewellery
 n - a +5 ring of evasion (left hand)
Scrolls
 h - a scroll of magic mapping {unknown}
 k - a scroll of identify {unknown}
 l - a scroll of blinking {unknown}
 m - a scroll of amnesia {unknown}
 o - 2 scrolls of remove curse {unknown}
 p - 2 scrolls of immolation {unknown}
 q - a scroll of enchant armour {unknown}
 r - a scroll of enchant weapon {unknown}
 t - a scroll of teleportation {unknown}
 u - a scroll of fear {unknown}
 x - a scroll of noise {unknown}
 A - a scroll of fog {unknown}
Potions
 b - a potion of brilliance {unknown}
 d - a potion of might
 e - 2 potions of agility {unknown}
 g - a potion of degeneration {unknown}
 i - a potion of flight {unknown}
 j - 2 potions of magic {unknown}
 v - a potion of berserk rage {unknown}
 z - a potion of cancellation {unknown}
Comestibles
 f - 5 rations


   Skills:
 - Level 3.6 Fighting
 + Level 5.9 Axes
 - Level 3.2 Armour
 - Level 3.2 Shields


You had 3 spell levels left.
You didn't know any spells.
Your spell library was empty.

Dungeon Overview and Level Annotations

Branches:
Dungeon (3/15)

Altars:
Cheibriados


Message History

You barely miss the orc wizard.
The orc wizard is moderately wounded.
You slash the orc!
You kill the orc!
You barely miss the orc priest. The orc wizard casts a spell at you.
You feel yourself slow down.
The orc priest hits you but does no damage.
You are electrocuted!
You block the orc wizard's attack.
You hit the orc wizard.
The orc wizard is moderately wounded.
You closely miss the orc priest.
The orc wizard hits you but does no damage.
The orc priest shouts, "Beogh is our master!
Accept the truth or die!"
The orc priest misses you.
The orc wizard points at you and mumbles some strange words.
The magic dart hits you.
The orc priest hits you with a +0 falchion of electrocution.
You are electrocuted!
You die...

####....# .).
+.......# ...
####....#####
. #.........#
#.##..###.#
#. #.## #.# #
#.# #.#
#.##o####.#
#...o@....#
....##)######
# #. #. .. ##


You could see an orc priest and an orc wizard.

Vanquished Creatures
  2 adders (D:2)
  2 dart slugs (D:1)
  A leopard gecko (D:2)
  2 orcs (D:3)
  A ball python (D:2)
  3 giant cockroaches (D:2)
  6 goblins
  7 hobgoblins
  2 quokkas
  4 bats
  5 frilled lizards
  9 kobolds
  4 rats
48 creatures vanquished.

Notes
Turn   | Place    | Note
-------+----------+-------------------------------------------
     0 | D:1      | Delamore the Hill Orc Fighter began the quest for the Orb.
     0 | D:1      | Reached XP level 1. HP: 19/19 MP: 1/1
     5 | D:1      | Reached skill level 3 in Axes
    41 | D:1      | Reached XP level 2. HP: 21/26 MP: 2/2
   175 | D:1      | Reached skill level 4 in Axes
   230 | D:1      | Reached XP level 3. HP: 14/31 MP: 3/3
   741 | D:2      | Reached skill level 5 in Axes
  1021 | D:2      | Reached XP level 4. HP: 39/39 MP: 4/4
  1620 | D:3      | Found a snail-covered altar of Cheibriados.
  1756 | D:3      | Slain by an orc priest

Levels and vault maps discovered:
D:1:      scummos_arrival_simple_fountains, layout_rooms,
          kennysheep_small_spiral, corexii_corridor_pit, minmay_octomino_e4
D:2:      layout_basic, first_ration
D:3:      layout_loops_corners, cheibriados_altar_1

Skill      XL: |  1  2  3 |
---------------+----------+-----
Axes           | 3 4 5 |  5.9
Fighting       | |  3.6
Armour         | |  3.2
Shields        | |  3.2

Action                   |  1- 3 |  4- 6 || total
-------------------------+-------+-------++-------
Melee: War axe           |   107 |    41 ||   148
  Eat: Chunk             |     1 |       ||     1
Armor: Scale mail        |    46 |    19 ||    65
Dodge: Dodged            |    45 |    26 ||    71
Block: Shield            |    57 |    21 ||    78
